 Dungeon Crawl Stone Soup version 0.29-a0-184-g2ef5e920f0 (console) character file.

Game seed: 6368461931743930795

1537 Gather the Grave Robber (level 8, -2/58 HPs)
             Began as a Mummy Necromancer on Feb 21, 2022.
             Was an Initiate of Ashenzari.
             Slain by a yak (10 damage)
             ... on level 6 of the Dungeon.
             The game lasted 00:42:12 (7491 turns).

Gather the Grave Robber (Mummy Necromancer)         Turns: 7491, Time: 00:42:13

Health: -2/58      AC:  5    Str: 11    XL:     8   Next: 56%
Magic:  3/16       EV: 13    Int: 16    God:    Ashenzari [......]
Gold:   17         SH:  0    Dex: 13    Spells: 1/18 levels left

rFire   x . .      SeeInvis .   c - +5 mace
rCold   + . .      Faith    .   (no shield)
rNeg    + + +      Spirit   .   a - +0 robe
rPois   ∞          Reflect  .   r - +2 hat
rElec   .          Harm     .   s - +0 cloak
rCorr   .          Rampage  .   (no gloves)
Will    +....                   (no boots)
Stlth   ++........              (no amulet)
HPRegen 0.19/turn               (no ring)
MPRegen 0.15/turn               (no ring)

@: very slightly contaminated, slowed, very slow
A: cold resistance 1, negative energy resistance 3, torment resistance 2, heat
vulnerability 1, no potions
a: Renounce Religion


You were on level 6 of the Dungeon.
You worshipped Ashenzari.
Ashenzari was noncommittal.
You visited 2 branches of the dungeon, and saw 8 of its levels.

You collected 329 gold pieces.
You spent 312 gold pieces at shops.

Inventory:

Hand Weapons
 b - a +0 short sword
 c - a +5 mace (weapon)
 e - a +0 arbalest
 h - a +0 dagger
 j - a +0 rapier
 m - a +0 hunting sling
 p - a +0 quarterstaff
 q - a +0 dagger of protection
Missiles
 f - 105 stones
 i - 2 throwing nets
 n - 2 javelins
 u - 2 poisoned darts (quivered)
Armour
 a - a +0 robe (worn)
 d - a +0 leather armour
 r - a +2 hat (worn)
 s - a +0 cloak (worn)
 v - +0 acid dragon scales
Magical Staves
 o - a staff of cold
Wands
 g - a wand of digging (14)
 k - a wand of iceblast (4)
Scrolls
 w - 2 scrolls of identify
 x - a scroll of fear


   Skills:
 + Level 3.3 Fighting
 + Level 2.7 Maces & Flails
 * Level 2.1 Armour
 + Level 3.1 Dodging
 - Level 3.2 Stealth
 - Level 5.9 Spellcasting
 - Level 2.7 Hexes
 - Level 6.2 Necromancy
 - Level 1.6 Evocations


You had one spell level left.
You knew the following spells:

 Your Spells              Type           Power      Damage    Failure   Level
a - Pain                  Necr           96%        1d8       1%          1
b - Vampiric Draining     Necr           24%        2d7       3%          3
c - Anguish               Hex/Necr       9%         N/A       22%         4
d - Animate Dead          Necr           12%        N/A       11%         4
e - Flame Wave            Conj/Fire      4%         2d5       80%         4
x - Animate Skeleton      Necr           48%        N/A       1%          1

Your spell library contained the following spells:

 Spells                   Type           Power      Damage    Failure   Level
 Foxfire                  Conj/Fire      16%        2x1d4     14%         1
 Ensorcelled Hibernation  Hex/Ice        18%        N/A       12%         2
 Inner Flame              Hex/Fire       9%         N/A       24%         3
 Agony                    Necr           24%        N/A       30%         5
 Conjure Flame            Conj/Fire      4%         6-21      38%         3
 Gell's Gravitas          Tloc           4%         N/A       38%         3
 Lesser Beckoning         Tloc           4%         N/A       38%         3
 Teleport Other           Tloc           4%         N/A       38%         3
 Petrify                  Tmut/Erth      4%         N/A       80%         4
 Irradiate                Conj/Tmut      2%         3d14      98%         5
 Beastly Appendage        Tmut           Unusable   N/A       N/A         1
 Sublimation of Blood     Necr           Unusable   N/A       N/A         2
 Wereblood                Tmut           Unusable   N/A       N/A         2
 Spider Form              Tmut/Pois      Unusable   N/A       N/A         3

Dungeon Overview and Level Annotations

Branches:
Dungeon (7/15)             Temple (1/1) D:6

Altars:
Ashenzari
Kikubaaqudgha
Okawaru
Qazlal
Ru
Sif Muna

Shops:
D:3 *[=

Annotations:
D:2 1 runed translucent door, Crazy Yiuf, Sigmund


Innate Abilities, Weirdness & Mutations

You are immune to poison.
Your flesh is cold resistant. (rC+)
You are immune to negative energy. (rN+++)
You are immune to unholy pain and torment.
You are vulnerable to heat. (rF-)
You do not drink.


Message History

Adjust (i)tems, (s)pells, or (a)bilities?
Adjust which spell?
Okay, then.
Casting: Vampiric Draining (dangerous; 3% risk of failure)
Confirm with . or Enter, or press ? or * to list all spells.
The spell is quite dangerous to miscast (22% risk of failure)!
Continue anyway?
Casting: Anguish (quite dangerous; 22% risk of failure)
Press: ? - help, Dir - look around, f - activate You miscast Anguish.
You are very lightly contaminated with residual magic.
Nothing appears to happen.
The yak misses you.
Casting: Anguish (quite dangerous; 22% risk of failure)
Confirm with . or Enter, or press ? or * to list all spells.
The spell is quite dangerous to miscast (22% risk of failure)!
Continue anyway?
Casting: Anguish (quite dangerous; 22% risk of failure)
Press: ? - help, Dir - look around, f - activate You miscast Anguish.
Magic surges out from your body.
You feel yourself slow down. The yak gores you!
Casting: Anguish (quite dangerous; 22% risk of failure)
Confirm with . or Enter, or press ? or * to list all spells.
Aiming: Vampiric Draining (dangerous; 3% risk of failure)
Press: ? - help, Shift-Dir - straight line, f - yak
Aim: a yak You draw life force from the yak.
You feel life coursing into your body. The yak barely misses you.
The yak gores you!
* * * LOW HITPOINT WARNING * * *
Casting: Vampiric Draining (dangerous; 3% risk of failure)
Confirm with . or Enter, or press ? or * to list all spells.
Aiming: Vampiric Draining (dangerous; 3% risk of failure)
Press: ? - help, Shift-Dir - straight line, f/p - yak
Aim: a yak (lightly wounded)
You draw life force from the yak!
You feel life coursing into your body. The yak gores you!
* * * LOW HITPOINT WARNING * * *
Press: ? - help, v - describe, . - travel, g - get item Item here: a leather armour.
The floor.
As you read the scroll of teleportation, it crumbles to dust.
You feel strangely unstable. The yak gores you but does no damage.
The yak gores you.
* * * LOW HITPOINT WARNING * * *
Your surroundings seem slightly different.
The yak gores you!
You die...

#.###.........## ######
#.# #.........# #....# #.#
#########.# #....# #.#
#########.# #....# #.#
#.......#.# #..!.# #.#
#.......#.# #....#
#.###.......#.# #....#
#.##'.......'.##
#....###.###.......#.##
#........# #.......#.##
#.....@§.# #.......'...
#....Y...###.......#.##
#....[....##.......#.##
#.........##########.##
##..#.....# #.##
#..#.....# #### #..#.....#
#
#####..#.....#############
#.......................##
#####........###........#
#.######## #........#


You could see a yak.

Vanquished Creatures
  A water moccasin (D:7)
  An acid dragon (D:5)
  2 black bears
  2 ogres (D:5)
  3 scorpions
  A wyvern skeleton (D:6)
  2 centaur zombies
  A jelly (D:5)
  2 hounds (D:5)
  5 iguanas
  Terence (D:2)
  A hound zombie (D:5)
  2 gnolls (D:4)
  A howler monkey skeleton (D:6)
  7 adders
  2 white imps
  An adder skeleton (D:4)
  3 dart slugs
  3 orcs
  8 bats
  5 endoplasms
  2 giant cockroaches
  2 goblins
  6 hobgoblins
  2 jackals (D:1)
  5 kobolds
  3 quokkas
  7 ball pythons
  2 frilled lizards (D:2)
  7 rats
90 creatures vanquished.

Vanquished Creatures (collateral kills)
  A necrophage (D:5)
  2 phantoms (D:5)
  A gnoll (D:4)
4 creatures vanquished.

Vanquished Creatures (others)
  3 demonic plants (D:1)
  6 fungi (D:1)
  3 plants (D:1)
  2 withered plants (D:1)
14 creatures vanquished.

Grand Total: 108 creatures vanquished

Notes
Turn   | Place    | Note
-------+----------+-------------------------------------------
     0 | D:1      | Gather the Mummy Necromancer began the quest for the Orb.
     0 | D:1      | Reached XP level 1. HP: 13/13 MP: 4/4
     2 | D:1      | Learned a level 1 spell: Animate Skeleton
   219 | D:1      | Reached XP level 2. HP: 19/19 MP: 6/6
   353 | D:1      | Found a faded altar of an unknown god.
  1213 | D:2      | Reached XP level 3. HP: 14/24 MP: 6/8
  1217 | D:2      | Learned a level 3 spell: Vampiric Draining
  1449 | D:2      | Noticed Sigmund
  1592 | D:2      | Found a runed translucent door.
  1593 | D:2      | Noticed Crazy Yiuf
  1645 | D:2      | Noticed Terence
  1664 | D:2      | Killed Terence
  1817 | D:2      | Reached XP level 4. HP: 28/30 MP: 10/10
  1827 | D:2      | Learned a level 4 spell: Animate Dead
  2099 | D:3      | Found Cecluime's Jewellery Emporium.
  2150 | D:3      | Found Fomnoig's Antique Armour Shoppe.
  2206 | D:3      | Found Qududwar's General Store.
  2215 | D:3      | Bought a scroll of teleportation for 33 gold pieces
  2215 | D:3      | Bought a scroll of magic mapping for 38 gold pieces
  2906 | D:4      | Noticed a scorpion
  2917 | D:4      | Killed a scorpion
  2918 | D:4      | Reached skill level 5 in Spellcasting
  2918 | D:4      | Reached skill level 5 in Necromancy
  2918 | D:4      | Reached XP level 5. HP: 11/35 MP: 0/12
  3318 | D:4      | Noticed a black bear
  3349 | D:5      | Entered Level 5 of the Dungeon
  3451 | D:5      | Noticed an ogre
  3600 | D:5      | Killed an ogre
  3601 | D:5      | Reached skill level 1 in Fighting
  3601 | D:5      | Reached skill level 1 in Maces & Flails
  3601 | D:5      | Reached XP level 6. HP: 43/43 MP: 13/13
  3606 | D:5      | Learned a level 4 spell: Anguish
  4293 | D:5      | Reached skill level 1 in Hexes
  4293 | D:5      | Reached XP level 7. HP: 49/49 MP: 11/15
  4413 | D:3      | Bought an embroidered hat for 147 gold pieces
  4627 | D:4      | Reached skill level 1 in Evocations
  4965 | D:4      | Learned a level 4 spell: Flame Wave
  5663 | D:5      | Reached skill level 6 in Necromancy
  5745 | D:5      | Reached XP level 8. HP: 52/57 MP: 11/16
  5818 | D:6      | Found a staircase to the Ecumenical Temple.
  6044 | Temple   | Entered the Ecumenical Temple
  6050 | Temple   | Became a worshipper of Ashenzari the Shackled
  6190 | D:3      | Bought a cloak for 94 gold pieces
  6606 | D:6      | Reached skill level 1 in Armour
  6736 | D:6      | HP: 1/57 [wyvern skeleton (11)]
  7491 | D:6      | Slain by a yak

Illustrated notes

Levels and vault maps discovered:
D:1:      psy_arrival_radial01, layout_loops_cross, shapermc_ecumenical_altar_gd
D:2:      layout_rooms, uniq_crazy_yiuf_cottage, uniq_terence, uniq_sigmund
D:3:      layout_basic, serial_shops, shop, shop, nicolae_shop_behind_doors
D:4:      layout_gridville, minmay_vboxes
D:5:      layout_gridville
D:6:      layout_basic, minmay_temple_entry_large_hall
D:7:      layout_basic, lightli_ossuary_entry_decrepit_ruins
Temple:   nicolae_temple_the_god_donut

Skill      XL: |  1  2  3  4  5  6  7  8 |
---------------+-------------------------+-----
Spellcasting   | 3 4 5 |  5.9
Necromancy     | 5 6 |  6.2
Fighting       | 1 2 3 |  3.3
Maces & Flails | 1 2 |  2.7
Stealth        | 2 3 |  3.2
Hexes          | 1 2 |  2.7
Dodging        | 2 3 |  3.1
Evocations     | 1 |  1.6
Armour         | 2 |  2.1

Action                   |  1- 3 |  4- 6 |  7- 9 || total
-------------------------+-------+-------+-------++-------
Melee: Mace              |    52 |    33 |    85 ||   170
Throw: Throwing net      |     2 |       |       ||     2
       Stone             |       |     2 |     5 ||     7
       Javelin           |       |     2 |       ||     2
       Dart              |       |       |     4 ||     4
 Cast: Pain              |    41 |    22 |    17 ||    80
       Animate Skeleton  |     4 |     2 |       ||     6
       Vampiric Draining |     2 |     9 |    24 ||    35
       Animate Dead      |       |     5 |     4 ||     9
       Anguish           |       |       |     1 ||     1
Evoke: Wand              |       |     5 |       ||     5
  Use: Scroll            |     1 |     4 |     5 ||    10
 Stab: Sleeping          |     1 |       |     2 ||     3
Armor: Robe              |    16 |     7 |    32 ||    55
Dodge: Dodged            |    64 |    34 |    87 ||   185

Table legend: (Time is in decaauts)
 A = Elapsed time spent in this place.
 B = Non-inter-level travel time spent in this place.
 C = Inter-level travel time spent in this place.
 D = Time resting spent in this place.
 E = Time spent auto-exploring this place.
 F = Levels seen in this place.
 G = Mean time per level.
                   A        B        C        D        E       F      G
               +--------+--------+--------+--------+--------+-----+--------+
         Total |   7565 |   7228 |    337 |   1161 |   4563 |   8 |  945.6 |
       Dungeon |   7550 |   7222 |    328 |   1161 |   4562 |   7 | 1078.6 |
        Temple |     14 |      5 |      9 |      0 |      1 |   1 |   14.0 |
               +--------+--------+--------+--------+--------+-----+--------+

Top non-repeatable levels by time:
     D:4: 1586 daAuts
     D:6: 1432 daAuts
     D:5: 1409 daAuts
     D:1: 1177 daAuts
     D:2: 884 daAuts
     D:3: 837 daAuts
     D:7: 224 daAuts
  Temple: 14 daAuts
